 Dungeon Crawl Stone Soup version 0.29.0-4-gdea44cf6ec (webtiles) character file.

Game seed: 12883167347290974067

13 qw the Firebug (level 2, -7/23 HPs)
             Began as a Ghoul Fire Elementalist on Aug 29, 2022.
             Mangled by a worm (9 damage)
             ... on level 2 of the Dungeon.
             The game lasted 00:00:44 (1510 turns).

qw the Firebug (Ghoul Fire Elementalist)            Turns: 1510, Time: 00:00:45

Health: -7/23      AC:  5    Str: 11    XL:     2   Next: 37%
Magic:  3/3        EV: 10    Int: 10    God:
Gold:   37         SH:  0    Dex:  9    Spells: 3/4 levels left

rFire   . . .      SeeInvis .     - Unarmed
rCold   + . .      Faith    .   (no shield)
rNeg    + + +      Spirit   .   d - +0 ring mail
rPois   inf        Reflect  .   (no helmet)
rElec   .          Harm     .   (no cloak)
rCorr   .          Rampage  .   (no gloves)
Will    .....                   (no boots)
Stlth   +.........              (no amulet)
HPRegen 0.00/turn               (no ring)
MPRegen 0.08/turn               (no ring)

@: inhibited regen
A: claws 1, cold resistance 1, negative energy resistance 3, inhibited
regeneration, torment resistance 2, devour on kill
a: no special abilities


You were on level 2 of the Dungeon.
You visited 1 branch of the dungeon, and saw 2 of its levels.

You collected 37 gold pieces.


Innate Abilities, Weirdness & Mutations

You are immune to poison.
You have sharp fingernails.
Your flesh is cold resistant. (rC+)
You are immune to negative energy. (rN+++)
You do not regenerate when monsters are visible.
You are immune to unholy pain and torment.
You thrive by killing the living.


   Skills:
 - Level 1.0 Fighting
 - Level 1.7 Dodging
 - Level 2.1 Stealth
 + Level 1.7 Unarmed Combat
 - Level 1.7 Spellcasting
 - Level 0.7 Conjurations
 - Level 2.4 Fire Magic


You had 3 spell levels left.
You knew the following spells:

 Your Spells              Type           Power      Damage    Failure   Level
a - Foxfire               Conj/Fire      16%        2x1d4     38%         1

Your spell library contained the following spells:

 Spells                   Type           Power      Damage    Failure   Level
 Scorch                   Fire           10%        2d5       41%         2
 Conjure Flame            Conj/Fire      4%         6-21      77%         3
 Inner Flame              Hex/Fire       3%         N/A       82%         3
 Flame Wave               Conj/Fire      4%         2d5       99%         4

Inventory:

Armour
 d - a +0 ring mail (worn)
Scrolls
 g - 4 scrolls of identify

Dungeon Overview and Level Annotations

Branches:
Dungeon (2/15)

Altars:


Message History

You scratch the worm.
The worm is severely wounded.
The worm closely misses you.
You barely miss the worm.
The worm is heavily wounded.
You scratch the worm.
The worm is severely wounded.
The worm barely misses you.
You barely miss the worm.
The worm is severely wounded.
The worm closely misses you.
You scratch the worm but do no damage.
The worm is heavily wounded.
You scratch the worm.
The worm is severely wounded.
The worm bites you.
You scratch the worm but do no damage.
The worm is heavily wounded.
You scratch the worm but do no damage.
The worm is heavily wounded.
The worm barely misses you.
You scratch the worm but do no damage.
The worm is heavily wounded.
You scratch the worm.
The worm is severely wounded.
The worm bites you but does no damage.
You scratch the worm.
The worm is severely wounded.
The worm bites you.
You barely miss the worm.
The worm is severely wounded.
You scratch the worm.
The worm is almost dead.
The worm bites you.
You scratch the worm but do no damage.
The worm is almost dead.
You scratch the worm.
The worm is almost dead.
The worm bites you!
You die...

##..._....
##.........
#..........
#....$.....
#..........
#..........
#$.........
#.@.......
##.w......
###..####
..# .# ..
##


You could see a worm.

Vanquished Creatures
  A dart slug (D:1)
  A bat (D:1)
  A hobgoblin (D:1)
  4 kobolds (D:1)
  A quokka (D:1)
  A frilled lizard (D:1)
  A rat (D:1)
10 creatures vanquished.

Notes
Turn   | Place    | Note
-------+----------+-------------------------------------------
     0 | D:1      | qw the Ghoul Fire Elementalist began the quest for the Orb.
     0 | D:1      | Reached XP level 1. HP: 14/14 MP: 2/2
     0 | D:1      | 0 ||| qw: Version: 0.1-a-90-g952f4b7
     0 | D:1      | 0 ||| qw: Game counter: 4089
     0 | D:1      | 0 ||| qw: Always use a shield: true
     0 | D:1      | 0 ||| qw: God list: Okawaru
     0 | D:1      | 0 ||| qw: Allow faded altars: false
     0 | D:1      | 0 ||| qw: Do Orc after D:15 true
     0 | D:1      | 0 ||| qw: Do second Lair branch before Depths: true
     0 | D:1      | 0 ||| qw: Lair rune preference: random
     0 | D:1      | 0 ||| qw: Plans: Normal
     0 | D:1      | 0 ||| PLANNING D:1-11
   345 | D:1      | Reached skill level 1 in Unarmed Combat
   707 | D:1      | 707 ||| Stepping ~*~*~tactically~*~*~ (hiding).
   809 | D:1      | 809 ||| Stepping ~*~*~tactically~*~*~ (hiding).
   821 | D:1      | Reached skill level 1 in Fighting
   821 | D:1      | Reached XP level 2. HP: 22/23 MP: 3/3
   892 | D:1      | Found a faded altar of an unknown god.
  1425 | D:1      | 1425 ||| UPGRADING to +0 ring mail.
  1435 | D:1      | 1435 ||| DROPPING +0 robe.
  1436 | D:1      | 1436 ||| READING 2 scrolls labelled WITI PYMODGH.
  1437 | D:1      | 1437 ||| READING scroll labelled GUVEAKK TIOSTRU.
  1438 | D:1      | 1438 ||| READING 5 scrolls labelled AFOWNU JUCIAPN.
  1439 | D:1      | 1439 ||| READING scroll labelled UDEFREOGINO.
  1440 | D:1      | 1440 ||| READING scroll labelled IGGAIT TOOCK.
  1441 | D:1      | 1441 ||| READING scroll labelled NULURO SYGE.
  1442 | D:1      | 1442 ||| DROPPING potion of magic.
  1443 | D:1      | 1443 ||| DROPPING scroll of noise.
  1508 | D:2      | HP: 2/23 [worm (5)]
  1510 | D:2      | Mangled by a worm

Levels and vault maps discovered:
D:1:      dpeg_arrival_more_subterranean_lakeside_camping, layout_loops_ring,
          shapermc_ecumenical_altar_ellora, minivault_5
D:2:      layout_rooms, basic_altar, minmay_door_square, kennysheep_doodads

Skill      XL: |  1 |
---------------+----+-----
Unarmed Combat | 1 |  1.7
Fighting       | 1 |  1.0
Dodging        | |  1.7
Stealth        | |  2.1
Spellcasting   | |  1.7
Conjurations   | |  0.7
Fire Magic     | |  2.4

Action                   || total
-------------------------++-------
Melee: Unarmed           ||    70
       Punch             ||     1
  Use: Scroll            ||     6
Armor: Robe              ||     4
       Ring mail         ||     1
Dodge: Dodged            ||    28

Table legend:
 A = Non-vault XP
 B = Vault XP
 C = Vault XP percentage of total XP
 D = Non-vault monster count
 E = Vault monster count
 F = Vault count percentage of total count
                 A         B        C        D         E       F
            +---------+---------+-------+---------+---------+-------
      Total |      19 |       0 |   0.0 |      10 |       0 |   0.0
            +---------+---------+-------+---------+---------+-------
        D:1 |      19 |       0 |   0.0 |      10 |       0 |   0.0
            +---------+---------+-------+---------+---------+-------
